 Dungeon Crawl Stone Soup version 0.27.1-1-g398f81649c (webtiles) character file.

Game seed: 6375812073391624665

224 Descartes the Covert (level 5, -1/24 HPs)
             Began as a Felid Delver on Sept 12, 2021.
             Was an Initiate of Dithmenos.
             Killed by divine providence
             ... invoked by an orc priest
              (10 damage)
             ... on level 3 of the Dungeon.
             The game lasted 00:04:01 (1277 turns).

Descartes the Covert (Felid Delver)                 Turns: 1277, Time: 00:04:02

Health: -1/24      AC:  2    Str: 10    XL:     5   Next: 67%
Magic:  6/6        EV: 20    Int: 12    God:    Dithmenos [......]
Gold:   50         SH:  0    Dex: 17    Spells: 4/4 levels left
                                        Lives:  0   Deaths: 1

rFire    . . .     SeeInvis +     - Unarmed
rCold    . . .     Faith    .   (shield unavailable)
rNeg     . . .     Spirit   .   (armour unavailable)
rPois    .         Reflect  .   (helmet unavailable)
rElec    .         Harm     .   (cloak unavailable)
rCorr    .         Rampage  .   (gloves unavailable)
Will     .....                  (boots unavailable)
Stlth    +++++.....             (no amulet)
HPRegen  0.08/turn              (no ring)
MPRegen  0.10/turn              (no ring)

@: quick
A: very small, claws 1, fangs 3, see invisible, speed 1, shaggy fur 2, stealthy
paws, no weapons or thrown items, no armour, multi-lived
a: Renounce Religion


You were on level 3 of the Dungeon.
You worshipped Dithmenos.
Dithmenos was noncommittal.
You visited 2 branches of the dungeon, and saw 6 of its levels.

You collected 50 gold pieces.

Inventory:

Wands
 e - a wand of digging (3)
Scrolls
 a - a scroll of fog
 b - a scroll of magic mapping
 c - a scroll of fear
 f - a scroll of teleportation {unknown}
 g - a scroll of immolation {unknown}
Potions
 d - a potion of haste
 h - 2 potions of berserk rage {unknown}
 i - 2 potions of ambrosia {unknown}
 j - a potion of flight {unknown}


   Skills:
 - Level 3.0 Fighting
 + Level 6.1 Dodging
 - Level 10.0 Stealth
 + Level 2.5 Unarmed Combat


You had 4 spell levels left.
You didn't know any spells.
Your spell library contained the following spells:

 Spells                   Type           Power      Damage    Failure   Level
 Gell's Gravitas          Tloc           0%         N/A       69%         3
 Teleport Other           Tloc           0%         N/A       69%         3
 Dispersal                Tloc           0%         N/A       100%        6


Dungeon Overview and Level Annotations

Branches:
Dungeon (7/15)             Temple (1/1) D:5

Altars:
Dithmenos
Hepliaklqana
Nemelex Xobeh
Okawaru
Qazlal
Ru
Sif Muna


Innate Abilities, Weirdness & Mutations

You have sharp claws.
You have razor-sharp teeth.
You have supernaturally acute eyesight. (SInv)
You cover ground quickly. (Speed+)
You are covered in thick fur. (AC +2)
Your paws help you pounce on unaware monsters.
You are incapable of wielding weapons or throwing items.
You cannot wear armour.
You gain extra lives every three experience levels.


Message History

The orc hits you from afar with a +0 trident!
You die...
The orc completely misses you.
The orc priest miscasts a cantrip.
You are now level 5!
You rejoin the land of the living...
Found 10 gold pieces and 11 stones.
A kobold comes into view. It is wielding a +0 club.
You pounce on the unaware helpless kobold!
You eviscerate the kobold!!!
You kill the kobold!
Dithmenos accepts your kill.
No target in view!
Found a stone staircase leading up.
Things that are here:
a +0 club; 5 stones; a kobold corpse You now have 50 gold pieces (gained 10).
An orc priest comes into view. It is wielding a +0 dagger.
The orc priest shouts!
An orc comes into view. It is wielding a +0 whip.
The orc priest mumbles some strange prayers to Beogh against you.
You struggle to resist.
The orc shouts!
You hear a shout! x2
You hear an angry hiss.
An orc comes into view. It is wielding a +0 flail.
You scratch the orc but do no damage. You closely miss the orc.
An orc comes into view. It is wielding a +0 mace.
The orc hits you with a +0 whip.
The orc priest mumbles some strange prayers to Beogh against you.
Beogh smites you!
Ouch! That really hurt!
You are too injured to fight recklessly!
The orc priest looks encouraged for a moment.
Things that are here:
a +0 club; 5 stones; a kobold corpse The orc priest mumbles some strange prayers to Beogh against you.
Beogh smites you!
You die...

.## ..# #.#
### #.# ### .
#<.###.# #.. .
#@##.##.# ###
##.....# ..#
##.).## #.#
##...o.## #.#
#.##.##o###.#
#.###.###.##.#
(.. #.# #.o..#
#### #.#
####.# ..# #.#


You could see an orc priest and an orc.

Vanquished Creatures
  An orc warrior (D:6)
  A sky beast (D:6)
  A scorpion (D:6)
  A water moccasin skeleton (D:6)
  A howler monkey (D:7)
  A hound (D:5)
  An orc priest (D:6)
  An orc wizard (D:6)
  An adder (D:4)
  An orc (D:6)
  2 endoplasms (D:3)
  A giant cockroach (D:3)
  A hobgoblin (D:3)
  2 kobolds (D:3)
  A quokka (D:3)
  A rat (D:3)
18 creatures vanquished.

Notes
Turn   | Place    | Note
-------+----------+-------------------------------------------
     0 | D:5      | Descartes the Felid Delver began the quest for the Orb.
     0 | D:5      | Reached XP level 1. HP: 10/10 MP: 2/2
    11 | D:5      | Noticed an ice beast
    22 | D:6      | Noticed a scorpion
    22 | D:6      | Noticed an orc warrior
    22 | D:6      | Noticed an orc priest
    23 | D:6      | Killed a scorpion
    24 | D:6      | Reached skill level 8 in Stealth
    24 | D:6      | Reached XP level 2. HP: 14/14 MP: 3/3
    24 | D:6      | Reached XP level 3. HP: 17/17 MP: 4/4
    27 | D:6      | Reached skill level 9 in Stealth
    27 | D:6      | Reached XP level 4. HP: 21/21 MP: 5/5
    28 | D:6      | Killed an orc warrior
    29 | D:6      | Reached skill level 10 in Stealth
    29 | D:6      | Reached XP level 5. HP: 24/24 MP: 6/6
    34 | D:6      | Noticed a troll
    62 | D:6      | Noticed a sky beast
    66 | D:6      | Killed a sky beast
    67 | D:6      | Reached skill level 5 in Dodging
    67 | D:6      | Gained mutation: You are covered in thick fur. (AC +2)
                  | [Felid growth]
    67 | D:6      | Reached XP level 6. HP: 4/28 MP: 7/7
   541 | D:5      | Found a staircase to the Ecumenical Temple.
   553 | Temple   | Entered the Ecumenical Temple
   559 | Temple   | Became a worshipper of Dithmenos the Shadowed
  1245 | D:3      | Slain by an orc
  1246 | D:3      | Reached XP level 5. HP: -2/24 MP: 6/6
  1277 | D:3      | Killed from afar by an orc priest

Illustrated notes

Levels and vault maps discovered:
D:3:      layout_basic, hex_intersection, columned_hall_lemuel,
          kennysheep_crisscross, kennysheep_cross_bottleneck
D:4:      layout_basic, kennysheep_slug_shrine
D:5:      layout_cave_pools, minmay_temple_entry_offerings,
          corexii_item_surrounded_by_moat, eino_tiny_chamber,
          minmay_tree_intersection, minmay_misc_feat_x
D:6:      layout_loops_ring, kiku_gazebo_pond_becter, kennysheep_flooded_box,
          hellmonk_guarded_unrand_lears
D:7:      layout_basic, gammafunk_ghost_wrathful_warriors, uniq_joseph,
          uniq_crazy_yiuf_cottage
Temple:   dshaligram_water_room_temple

Skill      XL: |  1  2  3  4  5  6 |
---------------+-------------------+-----
Stealth        | 8 9 10 | 10.0
Dodging        | 3 5 6 |  6.1
Fighting       | |  3.0
Unarmed Combat | |  2.5

Action                   |  1- 3 |  4- 6 || total
-------------------------+-------+-------++-------
Melee: Unarmed           |     2 |    66 ||    68
       Bite              |       |     5 ||     5
       Punch             |       |     1 ||     1
 Stab: Sleeping          |     2 |     9 ||    11
Armor: Skin              |       |     5 ||     5
Dodge: Dodged            |       |    81 ||    81
